 Dungeon Crawl Stone Soup version 0.19-a0-965-g50bf062 (webtiles) character file.

595 Gorice the Conjurer (level 7, -4/46 HPs)
             Began as a Demonspawn Venom Mage on July 11, 2016.
             Slain by a gnoll
             ... wielding a +0 spear
              (5 damage)
             ... on level 4 of the Dungeon on July 12, 2016.
             The game lasted 00:24:03 (4308 turns).

Gorice the Conjurer (Demonspawn Venom Mage)         Turns: 4308, Time: 00:24:04

Health: -4/46      AC:  4    Str:  8    XL:     7   Next: 16%
Magic:  3/13       EV: 12    Int: 18    God:
Gold:   260        SH:  0    Dex: 20    Spells: 1 memorised, 14 levels left

rFire  . . .     SeeInvis .     a - +4 hand axe "Xiki" {flame, rElec Dex+6}
rCold  . . .     Gourm    .     g - +0 robe
rNeg   . . .     Faith    .     (no shield)
rPois  .         Spirit   .     (helmet restricted)
rElec  +         Dismiss  .     q - +1 cloak
rCorr  .         Reflect  .     (no gloves)
SustAt .         Harm     .     (no boots)
MR     .....                    (no amulet)
Stlth  ++........               (no ring)
                                (no ring)

@: not resistant to hostile enchantments, unstealthy
A: horns 1, powered by death 1, rot immunity
a: no special abilities


You were on level 4 of the Dungeon.
You were hungry.

You visited 2 branches of the dungeon, and saw 5 of its levels.

You collected 260 gold pieces.

Inventory:

Hand Weapons
 a - the +4 hand axe "Xiki" (weapon) {flame, rElec Dex+6}
   (You took it off an orc on level 4 of the Dungeon)

   It has been specially enchanted to burn those struck by it, causing extra
   injury to most foes and up to half again as much damage against particularly
   susceptible opponents.
   Big, fiery blades are also staple armaments of hydra-hunters.
   It affects your dexterity (+6).
   It insulates you from electricity.
 b - a +1 dagger of protection
   (You took it off a goblin on level 1 of the Dungeon)
 v - a +2 dagger of venom
   (You took it off a kobold on level 2 of the Dungeon)
 B - a +0 blowgun
Missiles
 h - 11 tomahawks (quivered)
 u - 17 poisoned needles
 Z - 39 stones
Armour
 g - a +0 robe (worn)
 q - a +1 cloak (worn)
Jewellery
 k - an uncursed amulet of guardian spirit
Scrolls
 e - 3 scrolls of remove curse
 i - a scroll of teleportation {!r}
 o - a scroll of enchant armour
 r - a scroll of fog {unknown}
 w - a scroll of recharging {unknown}
 x - a scroll of enchant weapon
Potions
 d - a potion of ambrosia
 f - a potion of might {unknown}
 j - 2 potions of brilliance {unknown}
 n - 4 potions of curing {unknown}
 t - a potion of degeneration {unknown}
Books
 s - a Young Poisoner's Handbook
Comestibles
 c - 5 bread rations {!e}
 l - 4 chunks of flesh
 m - 4 fruits
 p - a meat ration {!e}


   Skills:
 - Level 1.7 Dodging
 - Level 1.7 Stealth
 + Level 4.5 Spellcasting
 * Level 6.0 Conjurations
 - Level 4.0 Poison Magic


You had 14 spell levels left.
You knew the following spells:

 Your Spells              Type           Power        Failure   Level  Hunger
a - Sting                 Conj/Pois      ###.         1%          1    None


Dungeon Overview and Level Annotations

Branches:
Dungeon (4/15)             Temple (1/1) D:4

Altars:
Ashenzari
Cheibriados
Dithmenos
Fedhas
Gozag
Hepliaklqana
Kikubaaqudgha
Makhleb
Nemelex Xobeh
Okawaru
Pakellas
Qazlal
Ru
Trog
Vehumet
Xom
Yredelemnul
Zin

Annotations:
D:3 Grinder


Innate Abilities, Weirdness & Mutations

You have a pair of small horns on your head.
You regenerate a little health from kills.
You are immune to rotting.


Message History

Press: ? - help, Shift-Dir - straight line, f/p - gnoll
Aim: a gnoll, wielding a flail (lightly wounded, fast, poisoned)
The sting hits the gnoll.
The gnoll is heavily wounded.
The gnoll shaman prays to its god.
The gnoll shaman is healed somewhat.
You are no longer glowing.
The gnoll closely misses you. The gnoll hits you with a flail!
Damage: 13 (max 13)
You barely miss the gnoll.
The gnoll is severely wounded.
The gnoll hits you with a flail.
Damage: 3 (max 13)
The gnoll shouts!
You hit the gnoll. You burn the gnoll.
You kill the gnoll!
Casting: Sting
Confirm with . or Enter, or press ? or * to list all spells.
Aiming: Sting
Press: ? - help, Shift-Dir - straight line, f - gnoll shaman
Aim: a gnoll shaman, wielding a club and wearing a robe (heavily wounded)
The sting hits the gnoll shaman.
The gnoll shaman is almost dead.
The gnoll shaman prays to its god.
The gnoll shaman is healed somewhat.
Casting: Sting
Confirm with . or Enter, or press ? or * to list all spells.
Aiming: Sting
Press: ? - help, Shift-Dir - straight line, f/p - gnoll shaman
Aim: a gnoll shaman, wielding a club and wearing a robe (heavily wounded)
The sting hits the gnoll shaman.
The gnoll shaman is severely wounded.
The gnoll hits you from afar with a spear.
The gnoll shaman mumbles some strange prayers to its god.
The gnoll shaman is healed somewhat.
Damage: 2 (max 13)
You hit the gnoll shaman. You burn the gnoll shaman.
The gnoll shaman is heavily wounded.
The gnoll shaman hits you with a club.
The gnoll hits you from afar with a spear.
* * * LOW HITPOINT WARNING * * *
Damage: 11 (max 13)
You barely miss the gnoll shaman.
The gnoll shaman is heavily wounded.
The gnoll hits you from afar with a spear!
* * * LOW HITPOINT WARNING * * *
The gnoll shaman hits you with a club!
* * * LOW HITPOINT WARNING * * *
The gnoll hits you from afar with a spear.
You die...

#.# ##>.###...## #.#
##<....### #.# ###....###
#.# ##...... #.######
###.......
#......########.........
#.####................)(
#.########..............
####......@gg..............
#).......####...)..........
#..>.....# #.......#......
#........# #.......##.....
#........# #.......#######
########## #########


You could see a gnoll shaman and a gnoll.

Vanquished Creatures
  A hound (D:4)
  A giant frog skeleton (D:4)
  4 orc priests
  Crazy Yiuf (D:3)
  4 orc wizards
  Jessica (D:3)
  Natasha (twice) (D:3)
  7 adders
  3 gnolls (D:4)
  An ooze (D:2)
  2 worms
  2 giant geckos (D:2)
  11 orcs
  15 bats
  3 giant cockroaches
  9 goblins
  3 hobgoblins
  10 jackals
  A quokka (D:3)
  2 ball pythons
  5 giant newts
  11 kobolds
  11 rats
110 creatures vanquished.

Vanquished Creatures (others)
  A bat (D:2)
  A giant cockroach (D:2)
2 creatures vanquished.

Grand Total: 112 creatures vanquished

Notes
Turn   | Place    | Note
-------+----------+-------------------------------------------
     0 | D:1      | Gorice the Demonspawn Venom Mage began the quest for the Orb.
     0 | D:1      | Reached XP level 1. HP: 13/13 MP: 3/3
   198 | D:1      | Reached skill level 1 in Conjurations
   324 | D:1      | Gained mutation: You regenerate a little health from kills. [demonic ancestry]
   324 | D:1      | Reached XP level 2. HP: 15/19 MP: 0/5
   684 | D:1      | Reached skill level 2 in Conjurations
  1061 | D:2      | Reached XP level 3. HP: 23/24 MP: 6/6
  1544 | D:2      | Reached XP level 4. HP: 30/30 MP: 6/8
  1570 | D:2      | Reached skill level 3 in Conjurations
  1578 | D:2      | Found a radiant altar of Vehumet.
  1638 | D:2      | Reached skill level 3 in Spellcasting
  1735 | D:2      | Found an opulent altar of Gozag.
  2283 | D:2      | HP: 7/30 [orc/hand axe (3)]
  2290 | D:2      | Upgraded the game from 0.19-a0-958-gd69d43c to 0.19-a0-965-g50bf062
  2553 | D:3      | Noticed Grinder
  2598 | D:2      | Reached XP level 5. HP: 19/35 MP: 3/9
  2753 | D:3      | Found a hazy altar of Hepliaklqana.
  2813 | D:3      | Noticed Natasha
  2822 | D:3      | Killed Natasha
  2939 | D:3      | Found an oddly glowing altar of Pakellas.
  2968 | D:3      | Reached skill level 4 in Conjurations
  3013 | D:3      | Noticed Jessica
  3018 | D:3      | Killed Jessica
  3288 | D:3      | HP: 3/35 [orc priest/divine providence (14)]
  3297 | D:3      | Gained mutation: You are immune to rotting. [demonic ancestry]
  3297 | D:3      | Reached XP level 6. HP: 29/41 MP: 11/11
  3694 | D:3      | Found a sparkling altar of Nemelex Xobeh.
  3695 | D:3      | Found a burning altar of Makhleb.
  3736 | D:3      | Noticed Natasha
  3753 | D:3      | Killed Natasha
  3753 | D:3      | Reached skill level 5 in Conjurations
  3771 | D:3      | Found a runed door.
  3775 | D:3      | Noticed Crazy Yiuf
  3788 | D:3      | Killed Crazy Yiuf
  3788 | D:3      | Reached skill level 4 in Spellcasting
  3972 | D:4      | Gained mutation: You have a pair of small horns on your head. [demonic ancestry]
  3972 | D:4      | Reached XP level 7. HP: 38/46 MP: 10/13
  3988 | D:4      | Got a bone hand axe {flame}
  4002 | D:4      | Identified the +4 hand axe "Xiki" {flame, rElec Dex+6} (You took it off an orc on level 4 of the Dungeon)
  4016 | D:4      | Found a staircase to the Ecumenical Temple.
  4026 | Temple   | Entered the Ecumenical Temple
  4141 | D:4      | Reached skill level 6 in Conjurations
  4308 | D:4      | HP: 10/46 [gnoll/spear (9)]
  4308 | D:4      | HP: 1/46 [gnoll shaman/club (9)]
  4308 | D:4      | Slain by a gnoll

Vault maps used:
D:1:      dpeg_arrival_another_circle, minmay_cut_off
D:2:      nicolae_gozag_cash_rules_everything_around_me, fiery_altar_vehumet,
          first_bread, serial_bayou, serial_bayou_lake_a, serial_bayou_pond_c,
          serial_bayou_pond_b, serial_bayou_pond_d, serial_bayou_shore_a,
          serial_bayou_shore_b
D:3:      nicolae_overflow_crystal_walls, marbit_many_paths,
          gammafunk_temple_overflow_statue, uniq_natasha, uniq_grinder,
          uniq_jessica, uniq_crazy_yiuf_cottage
D:4:      kennysheep_little_box
Temple:   nicolae_temple_hex_pool

Skill      XL: |  1  2  3  4  5  6  7 |
---------------+----------------------+-----
Conjurations   | 1 2 3 4 5 6 |  6.0
Spellcasting   | 3 4 |  4.5
Dodging        | |  1.7
Stealth        | |  1.7
Poison Magic   | |  4.0

Action                   |  1- 3 |  4- 6 |  7- 9 || total
-------------------------+-------+-------+-------++-------
Melee: Dagger            |   165 |   132 |    10 ||   307
       Hand axe          |       |       |    11 ||    11
       Headbutt          |       |       |     3 ||     3
Throw: Tomahawk          |       |       |     3 ||     3
 Cast: Sting             |    38 |    92 |    21 ||   151
  Use: Scroll            |     5 |     5 |       ||    10
       Potion            |       |     1 |       ||     1
 Stab: Sleeping          |     4 |     2 |       ||     6
  Eat: Chunk             |     3 |     7 |     1 ||    11
Armor: Robe              |   100 |    33 |     1 ||   134
       Ring mail         |     9 |     8 |       ||    17
       Skin              |       |     5 |       ||     5
Dodge: Dodged            |   168 |    71 |    11 ||   250

Table legend:
 A = Turns spent in this place as a percentage of turns spent in the entire game.
 B = Non-inter-level travel turns spent in this place as a percentage of non-inter-level travel turns spent in the entire game.
 C = Inter-level travel turns spent in this place as a percentage of turns spent in this place.
 D = Turns resting spent in this place as a percentage of non-inter-level travel turns spent in this place.
 E = Turns spent auto-exploring this place as a percentage of non-inter-level travel turns spent in this place.
 F = Non-inter-level travel turns spent in this place divided by the number of levels of this place that you've seen.
                   A       B       C       D       E      F
               +-------+-------+-------+-------+-------+----------------------
         Total | 100.0 | 100.0 |   0.4 |   1.7 |   5.4 | 373.0
       Dungeon |  99.3 |  99.3 |   0.3 |   1.7 |   4.9 | 463.0
        Temple |   0.7 |   0.7 |   7.1 |   0.0 |  84.6 |  13.0
               +-------+-------+-------+-------+-------+----------------------

Vault maps used:
D:1:      dpeg_arrival_another_circle, minmay_cut_off
D:2:      nicolae_gozag_cash_rules_everything_around_me, fiery_altar_vehumet,
          first_bread, serial_bayou, serial_bayou_lake_a, serial_bayou_pond_c,
          serial_bayou_pond_b, serial_bayou_pond_d, serial_bayou_shore_a,
          serial_bayou_shore_b
D:3:      nicolae_overflow_crystal_walls, marbit_many_paths,
          gammafunk_temple_overflow_statue, uniq_natasha, uniq_grinder,
          uniq_jessica, uniq_crazy_yiuf_cottage
D:4:      kennysheep_little_box
Temple:   nicolae_temple_hex_pool
